SL
DETROIT RENAISSANCE @ HOUSTON 1837 BBC
08/31/2022
 
TOP OF THE 1ST
Detroit Renaissance batting - Pitching for Houston 1837 BBC : RHP Gary Bailey
Pitching: RHP Gary Bailey
Batting: RHB John Farrell 0-0: Ground out 6-3 (Groundball, 6)
Batting: LHB Juan González 0-0: Ball
1-0: Foul Ball, location: 2F
1-1: Ball
2-1: Foul Ball, location: 2F
2-2: Ball
3-2: SINGLE (Line Drive, 6MD)
Batting: LHB Greg Robinson 0-0: Called Strike
0-1: Ball
1-1: Ball
2-1: Ball
3-1: Foul Ball, location: 2F
3-2: Base on Balls
Juan González to second
Batting: LHB Mike Silver 0-0: Foul Ball, location: 2F
0-1: Ball
1-1: Ball
2-1: Foul Ball, location: 2F
2-2: Strikes out swinging
Batting: RHB Randy García 0-0: Called Strike
0-1: Fly out, F9 (Flyball, 9S)
Top of the 1st over - 0 run(s), 1 hit(s), 0 error(s), 2 left on base; Detroit 0 - Houston 0
BOTTOM OF THE 1ST
Houston 1837 BBC batting - Pitching for Detroit Renaissance : RHP Domingo Ramírez
Pitching: RHP Domingo Ramírez
Batting: LHB José Marín 0-0: Swinging Strike
0-1: Ball
1-1: Fly out, F7 (Flyball, 7M)
Batting: LHB Chris Rice 0-0: Ball
1-0: Swinging Strike
1-1: Called Strike
1-2: Foul Ball, location: 2F
1-2: Ball
2-2: Foul Ball, location: 2F
2-2: Ground out 5-3 (Groundball, 56)
Batting: RHB Bob Dickerson 0-0: Called Strike
0-1: Ball
1-1: Called Strike
1-2: Fly out, F8 (Line Drive, 8LS)
Bottom of the 1st over - 0 run(s), 0 hit(s), 0 error(s), 0 left on base; Detroit 0 - Houston 0
TOP OF THE 2ND
Detroit Renaissance batting - Pitching for Houston 1837 BBC : RHP Gary Bailey
Batting: RHB Ron Ward 0-0: Ball
1-0: Called Strike
1-1: Called Strike
1-2: Strikes out looking
Batting: LHB David Hunt 0-0: Called Strike
0-1: Ground out 3-1 (Groundball, 34)
Batting: RHB Harry Fuller 0-0: Swinging Strike
0-1: Foul Ball, location: 2F
0-2: Ball
1-2: Fly out, F2 (Popup, 23F)
Top of the 2nd over - 0 run(s), 0 hit(s), 0 error(s), 0 left on base; Detroit 0 - Houston 0
BOTTOM OF THE 2ND
Houston 1837 BBC batting - Pitching for Detroit Renaissance : RHP Domingo Ramírez
Batting: LHB Mark McClear 0-0: SINGLE (Groundball, 5D)
Batting: RHB Kumanosuke Abe 0-0: Called Strike
0-1: DOUBLE (Line Drive, 7LD)
Mark McClear to third
Batting: RHB Steve Hinkle 0-0: Called Strike
0-1: Foul Ball, location: 2F
0-2: Foul Ball, location: 2F
0-2: SINGLE (Groundball, 56D)
Mark McClear scores
Kumanosuke Abe to third
Batting: RHB Eric Randolph 0-0: Foul Ball, location: 2F
0-1: Ball
1-1: Ball
2-1: Foul Ball, location: 2F
2-2: Strikes out swinging
Batting: RHB Tracy Parker 0-0: Fly out, F8 (Flyball, 8LXD)
Runner from 3rd tags up, SCORES, no throw
Batting: LHB Jack Robbins 0-0: Ball
1-0: Foul Ball, location: 2F
1-1: Foul Ball, location: 2F
1-2: Foul Ball, location: 2F
1-2: Strikes out looking
Bottom of the 2nd over - 2 run(s), 3 hit(s), 0 error(s), 1 left on base; Detroit 0 - Houston 2
TOP OF THE 3RD
Detroit Renaissance batting - Pitching for Houston 1837 BBC : RHP Gary Bailey
Batting: RHB Bernardo Herrera 0-0: Foul Ball, location: 2F
0-1: Ball
1-1: Swinging Strike
1-2: Ball
2-2: Foul Ball, location: 2F
2-2: Ball
3-2: Strikes out looking
Batting: RHB John Farrell 0-0: Foul Ball, location: 2F
0-1: SOLO HOME RUN (Flyball, 9D), Distance : 398 ft
Batting: LHB Juan González 0-0: Ball
1-0: Called Strike
1-1: Ball
2-1: Ball
3-1: Swinging Strike
3-2: Fly out, F9 (Flyball, 9LD)
Batting: LHB Greg Robinson 0-0: Called Strike
0-1: Fly out, F7 (Flyball, 78M)
Top of the 3rd over - 1 run(s), 1 hit(s), 0 error(s), 0 left on base; Detroit 1 - Houston 2
BOTTOM OF THE 3RD
Houston 1837 BBC batting - Pitching for Detroit Renaissance : RHP Domingo Ramírez
Batting: LHB José Marín 0-0: Called Strike
0-1: Foul Ball, location: 2F
0-2: Ground out 6-3 (Groundball, 6M)
Batting: LHB Chris Rice 0-0: Ball
1-0: Ball
2-0: Ball
3-0: Base on Balls
Batting: RHB Bob Dickerson 0-0: Swinging Strike
0-1: Ball
1-1: SINGLE (Groundball, 56D)
Chris Rice to second
Batting: LHB Mark McClear 0-0: DOUBLE (Line Drive, 8LM)
Chris Rice scores
Bob Dickerson to third
Runner from 3rd tries for Home, SAFE, no throw or cutoff
Batting: RHB Kumanosuke Abe 0-0: Ball
1-0: Foul Ball, location: 2F
1-1: DOUBLE (Line Drive, 7LS)
Mark McClear scores
Batting: RHB Steve Hinkle 0-0: Ball
1-0: Swinging Strike
1-1: Ball
2-1: Fly out, F7 (Flyball, 7S)
Batting: RHB Eric Randolph 0-0: Called Strike
0-1: Fly out, F8 (Line Drive, 8LM)
Bottom of the 3rd over - 3 run(s), 3 hit(s), 0 error(s), 1 left on base; Detroit 1 - Houston 5
TOP OF THE 4TH
Detroit Renaissance batting - Pitching for Houston 1837 BBC : RHP Gary Bailey
Batting: LHB Mike Silver 0-0: Swinging Strike
0-1: Swinging Strike
0-2: Ball
1-2: Ball
2-2: Strikes out swinging
Batting: RHB Randy García 0-0: Fly out, F8 (Flyball, 8RD)
Batting: RHB Ron Ward 0-0: Ball
1-0: Foul Ball, location: 2F
1-1: Ball
2-1: Ball
3-1: Called Strike
3-2: Ground out 5-3 (Groundball, 15S)
Top of the 4th over - 0 run(s), 0 hit(s), 0 error(s), 0 left on base; Detroit 1 - Houston 5
BOTTOM OF THE 4TH
Houston 1837 BBC batting - Pitching for Detroit Renaissance : RHP Domingo Ramírez
Batting: RHB Tracy Parker 0-0: Ball
1-0: Foul Ball, location: 2F
1-1: Foul Ball, location: 2F
1-2: SINGLE (Line Drive, 56D)
Batting: LHB Jack Robbins 0-0: Ball
1-0: Called Strike
1-1: Foul Ball, location: 2F
1-2: Strikes out swinging
Batting: LHB José Marín 0-0: Ball
1-0: Ball
2-0: Foul Ball, location: 2F
2-1: Called Strike
2-2: Fly out, F7 (Flyball, 7M)
2-2: Fly out, F7 (Flyball, 7M)
Batting: LHB Chris Rice 0-0: Ball
1-0: Ball
Passed Ball!
Tracy Parker to second
2-0: Foul Ball, location: 2F
2-1: Foul Ball, location: 2F
2-2: Ball
3-2: Ground out 4-3 (Groundball, 34)
Bottom of the 4th over - 0 run(s), 1 hit(s), 0 error(s), 1 left on base; Detroit 1 - Houston 5
TOP OF THE 5TH
Detroit Renaissance batting - Pitching for Houston 1837 BBC : RHP Gary Bailey
Batting: LHB David Hunt 0-0: Ground out U3 (Groundball, 3)
Batting: RHB Harry Fuller 0-0: Called Strike
0-1: Foul Ball, location: 2F
0-2: Ball
1-2: Ball
2-2: Ball
3-2: TRIPLE (Flyball, 9LM)
Batting: RHB Bernardo Herrera 0-0: Ball
1-0: Foul Ball, location: 2F
1-1: Ball
2-1: Foul Ball, location: 2F
2-2: Ball
3-2: TRIPLE (Groundball, 3L)
Harry Fuller scores
Batting: RHB John Farrell 0-0: Ground out 5-3 (Groundball, 5L)
Batting: LHB Juan González 0-0: Called Strike
0-1: Swinging Strike
0-2: Foul Ball, location: 2F
0-2: Foul Ball, location: 2F
0-2: Hit by Pitch
Batting: LHB Greg Robinson 0-0: Called Strike
0-1: Ball
1-1: Called Strike
1-2: Fly out, F6 (Line Drive, 6)
Top of the 5th over - 1 run(s), 2 hit(s), 0 error(s), 2 left on base; Detroit 2 - Houston 5
BOTTOM OF THE 5TH
Houston 1837 BBC batting - Pitching for Detroit Renaissance : RHP Domingo Ramírez
Batting: RHB Bob Dickerson 0-0: Ball
1-0: SINGLE (Line Drive, 9S)
Batting: LHB Mark McClear 0-0: Called Strike
0-1: Called Strike
0-2: SINGLE (Groundball, 34D)
Bob Dickerson to second
Runner from 2nd tries for 3rd, SAFE, no throw or cutoff
Batting: RHB Kumanosuke Abe 0-0: Ball
1-0: Ball
Wild Pitch!
Bob Dickerson scores
Mark McClear to second
2-0: Foul Ball, location: 2F
2-1: Ball
3-1: Base on Balls
Pitching: RHP Esteban García
Batting: RHB Steve Hinkle 0-0: Fly out, F9 (Flyball, 9D)
Runner from 2nd tags up, SAFE at 3rd, no throw
Batting: RHB Eric Randolph 0-0: Grounds into double play, 3-6-1 (Groundball, 3)
Bottom of the 5th over - 1 run(s), 2 hit(s), 0 error(s), 1 left on base; Detroit 2 - Houston 6
TOP OF THE 6TH
Detroit Renaissance batting - Pitching for Houston 1837 BBC : RHP Gary Bailey
Batting: LHB Mike Silver 0-0: Ball
1-0: Hit by Pitch
Batting: RHB Randy García 0-0: Ball
1-0: Ball
2-0: Grounds into double play, 6-4-3 (Groundball, 6)
Batting: RHB Ron Ward 0-0: Called Strike
0-1: Ball
1-1: Ball
2-1: Foul Ball, location: 2F
2-2: Foul Ball, location: 2F
2-2: SINGLE (Groundball, 6MD)
Batting: LHB David Hunt 0-0: Called Strike
0-1: Ball
1-1: Ball
2-1: Foul Ball, location: 2F
2-2: Strikes out swinging
Top of the 6th over - 0 run(s), 1 hit(s), 0 error(s), 1 left on base; Detroit 2 - Houston 6
BOTTOM OF THE 6TH
Houston 1837 BBC batting - Pitching for Detroit Renaissance : RHP Esteban García
Batting: RHB Tracy Parker 0-0: Called Strike
0-1: Ball
1-1: Called Strike
1-2: TRIPLE (Groundball, 3L)
Batting: LHB Jack Robbins 0-0: Ball
1-0: SINGLE (Flyball, 7S)
Tracy Parker scores
Batting: LHB José Marín 0-0: Bunt - Flyout! F1
Batting: LHB Chris Rice 0-0: Fly out, F6 (Popup, 6D)
Batting: RHB Bob Dickerson 0-0: Ball
1-0: Called Strike
Throwing error on steal attempt, E2
Jack Robbins to third
1-1: Called Strike
1-2: SINGLE (Line Drive, 6MD)
Jack Robbins scores
Batting: LHB Mark McClear 0-0: Swinging Strike
0-1: Ball
1-1: Ground out 6-3 (Groundball, 6)
Bottom of the 6th over - 2 run(s), 3 hit(s), 1 error(s), 1 left on base; Detroit 2 - Houston 8
TOP OF THE 7TH
Detroit Renaissance batting - Pitching for Houston 1837 BBC : RHP Gary Bailey
Batting: RHB Harry Fuller 0-0: Ball
1-0: Called Strike
1-1: Called Strike
1-2: Ball
2-2: Strikes out swinging
Batting: RHB Bernardo Herrera 0-0: Ball
1-0: Fly out, F5 (Popup, 56S)
Batting: RHB John Farrell 0-0: Called Strike
0-1: Foul Ball, location: 2F
0-2: Ball
1-2: Ball
2-2: Ball
3-2: Strikes out looking
Top of the 7th over - 0 run(s), 0 hit(s), 0 error(s), 0 left on base; Detroit 2 - Houston 8
BOTTOM OF THE 7TH
Houston 1837 BBC batting - Pitching for Detroit Renaissance : RHP Esteban García
Batting: RHB Kumanosuke Abe 0-0: Ball
1-0: Called Strike
1-1: Called Strike
1-2: DOUBLE (Flyball, 7LD)
Batting: RHB Steve Hinkle 0-0: Fly out, F7 (Flyball, 7D)
Batting: RHB Eric Randolph 0-0: Called Strike
0-1: Foul Ball, location: 2F
0-2: Hit by Pitch
Batting: RHB Tracy Parker 0-0: Ball
1-0: Ball
2-0: Ball
3-0: Called Strike
3-1: Grounds into double play, 4-6-3 (Groundball, 4)
Bottom of the 7th over - 0 run(s), 1 hit(s), 0 error(s), 1 left on base; Detroit 2 - Houston 8
TOP OF THE 8TH
Detroit Renaissance batting - Pitching for Houston 1837 BBC : RHP Gary Bailey
Batting: LHB Juan González 0-0: Called Strike
0-1: Ball
1-1: Ball
2-1: Ground out 4-3 (Groundball, 4M)
Batting: LHB Greg Robinson 0-0: Ball
1-0: Called Strike
1-1: Ball
2-1: Ball
3-1: DOUBLE (Line Drive, 89D)
Pitching: RHP Toshiro Saikawa
Batting: LHB Mike Silver 0-0: Foul Ball, location: 2F
0-1: Ball
1-1: Called Strike
1-2: Foul Ball, location: 2F
1-2: Ground out 4-3 (Groundball, 4)
Greg Robinson to third
Batting: RHB Randy García 0-0: Ball
1-0: Ball
2-0: Called Strike
2-1: Ball
3-1: Base on Balls
Batting: RHB Ron Ward 0-0: Ball
1-0: Swinging Strike
1-1: Fly out, F8 (Flyball, 8RD)
Top of the 8th over - 0 run(s), 1 hit(s), 0 error(s), 2 left on base; Detroit 2 - Houston 8
BOTTOM OF THE 8TH
Houston 1837 BBC batting - Pitching for Detroit Renaissance : RHP Esteban García
Batting: LHB Jack Robbins 0-0: Ball
1-0: Fly out, F8 (Flyball, 8LD)
Batting: LHB José Marín 0-0: Called Strike
0-1: Ball
1-1: Ball
2-1: Ball
3-1: Fly out, F4 (Popup, 4)
Batting: LHB Chris Rice 0-0: Ball
1-0: Called Strike
1-1: Swinging Strike
1-2: Ground out U3 (Groundball, 3)
Bottom of the 8th over - 0 run(s), 0 hit(s), 0 error(s), 0 left on base; Detroit 2 - Houston 8
TOP OF THE 9TH
Detroit Renaissance batting - Pitching for Houston 1837 BBC : RHP Toshiro Saikawa
Batting: LHB David Hunt 0-0: Ball
1-0: Foul Ball, location: 2F
1-1: Called Strike
1-2: Foul Ball, location: 2F
1-2: Strikes out looking
Batting: RHB Harry Fuller 0-0: Ball
1-0: Ball
2-0: Bunt for hit - play at first, batter OUT! 1-3
Batting: RHB Bernardo Herrera 0-0: Ball
1-0: Ground out 5-3 (Groundball, 56S)
Top of the 9th over - 0 run(s), 0 hit(s), 0 error(s), 0 left on base; Detroit 2 - Houston 8
This league is powered by Out of the Park Baseball, the baseball management simulation game for PC, Mac and Linux
Friday, April 15th, 2016 - OOTP Baseball 16.9 Build 39